 Dungeon Crawl Stone Soup version 0.22-a0-248-gc8378ba (webtiles) character file.

501 Lee000 the Cutter (level 7, 0/40 HPs)
             Began as a Kobold Enchanter on Feb 28, 2018.
             Slain by an ice beast (11 damage)
             ... on level 5 of the Dungeon.
             The game lasted 00:12:29 (5425 turns).

Lee000 the Cutter (Kobold Enchanter)                Turns: 5425, Time: 00:12:30

Health: 0/40       AC:  5    Str:  7    XL:     7   Next: 40%
Magic:  9/12       EV: 15    Int: 17    God:
Gold:   311        SH:  0    Dex: 15    Spells: 7/13 levels left

rFire    . . .     SeeInvis .   a - +1 dagger
rCold    . . .     Gourm    .   (shield restricted)
rNeg     . . .     Faith    .   b - +0 robe
rPois    .         Spirit   .   (no helmet)
rElec    .         Reflect  .   (no cloak)
rCorr    .         Harm     .   (no gloves)
MR       +....                  o - +2 pair of boots
Stlth    +++.......             q - amulet of magic regeneration
HPRegen  0.13/turn              j - ring of protection from magic
MPRegen  0.38/turn              (no ring)

@: very slightly contaminated
A: small, carnivore
a: no special abilities


You were on level 5 of the Dungeon.
You were very full.

You visited 1 branch of the dungeon, and saw 5 of its levels.

You collected 311 gold pieces.

Inventory:

Hand Weapons
 a - a +1 dagger (weapon)
Missiles
 e - 8 needles of confusion
 p - 4 javelins of penetration (quivered)
 t - 8 silver javelins
Armour
 b - a +0 robe (worn)
 o - a +2 pair of boots (worn)
Jewellery
 j - a ring of protection from magic (left hand)
 q - an amulet of magic regeneration (around neck)
 x - an uncursed ring of protection from cold {unknown}
 y - an uncursed amulet of regeneration {unknown}
Wands
 v - a wand of paralysis (14)
Scrolls
 g - 2 scrolls of enchant armour
 h - a scroll of fear
 i - a scroll of teleportation {unknown}
 r - a scroll of magic mapping {unknown}
 s - a scroll of blinking {unknown}
 u - 2 scrolls of remove curse {unknown}
Potions
 d - 2 potions of curing
 f - a potion of mutation {unknown}
 k - a potion of invisibility {unknown}
 l - a potion of might {unknown}
 m - 2 potions of flight {unknown}
 n - a potion of haste {unknown}
 w - a potion of heal wounds {unknown}
Comestibles
 c - 6 rations


   Skills:
 + Level 2.9 Fighting
 + Level 5.5 Short Blades
 - Level 2.6 Dodging
 - Level 5.2 Stealth
 + Level 3.7 Spellcasting
 + Level 4.4 Hexes


You had 7 spell levels left.
You knew the following spells:

 Your Spells              Type           Power        Failure   Level  Hunger
a - Corona                Hex            ###....      2%          1    None
b - Ensorcelled Hibernat  Hex/Ice        ##....       10%         2    ##.....
c - Confuse               Hex            ###.....     8%          3    ###....


Dungeon Overview and Level Annotations

Branches:
Dungeon (5/15)
 Temple: D:4-7

Altars:
Elyvilon
Hepliaklqana
Makhleb

Shops:
D:4 =

Annotations:
D:4 ReniFell's ghost, novice VSFi


Innate Abilities, Weirdness & Mutations

You are small and have problems with some larger weapons.
You are carnivorous and can eat meat at any time.


Message History

The ice beast is severely wounded.
The ice beast hits you. The ice beast freezes you!
You hit the ice beast but do no damage.
The ice beast is severely wounded.
The ice beast hits you but does no damage.
You hit the ice beast but do no damage.
The ice beast is severely wounded.
The ice beast hits you. The ice beast freezes you!
You are too injured to fight recklessly!
Casting: Confuse (safe; 8% risk of failure)
Confirm with . or Enter, or press ? or * to list all spells.
Aiming: Confuse (safe; 8% risk of failure)
Press: ? - help, Shift-Dir - straight line, f/p - ice beast
Aim: an ice beast (severely wounded, chance to defeat MR: 49%)
You miscast Confuse.
You are very lightly contaminated with residual magic.
The light around you dims momentarily. The ice beast hits you.
* * * LOW HITPOINT WARNING * * *
The ice beast freezes you!
You die...

#.#.#.#........
.#.#.#........##..#.#
#.#.#.#.####..##..#.####
.#.#.#..# .........
#.#.#.#.# ....<...
.#.#.#..#### .....# #
#.#.#.#....#####....#.#
.#.#.#.........Y......#
#.#.#.#....#####@..#..#
.#.#.#........)†......#
#.#.#.###.#######...#.#
.#.#.# #.# #.......
.##.. #.# ##.##..# ..
#.# .# ## ... .# #. ..
#. ..


You could see an ice beast.

Vanquished Creatures
  An ogre (D:4)
  A bullfrog (D:4)
  A scorpion (D:3)
  A centaur skeleton (D:4)
  2 orc priests
  A bullfrog skeleton (D:4)
  An iguana (D:4)
  A hound skeleton (D:5)
  4 adders
  A howler monkey skeleton (D:4)
  3 oozes
  3 worms
  A dart slug (D:2)
  3 leopard geckos
  8 orcs
  6 bats
  4 giant cockroaches
  11 goblins
  5 hobgoblins
  4 jackals (D:4)
  2 quokkas (D:5)
  2 frilled lizards (D:3)
  7 kobolds
  A quokka skeleton (D:4)
  7 rats
81 creatures vanquished.

Notes
Turn   | Place    | Note
-------+----------+-------------------------------------------
     0 | D:1      | Lee000 the Kobold Enchanter began the quest for the Orb.
     0 | D:1      | Reached XP level 1. HP: 10/10 MP: 3/3
   302 | D:1      | Reached XP level 2. HP: 15/15 MP: 5/5
   386 | D:1      | Learned a level 2 spell: Ensorcelled Hibernation
   738 | D:1      | Reached skill level 5 in Stealth
   738 | D:1      | Reached XP level 3. HP: 18/19 MP: 1/6
  1581 | D:2      | Found a white marble altar of Elyvilon.
  1717 | D:2      | Learned a level 3 spell: Confuse
  1934 | D:2      | Found a burning altar of Makhleb.
  1934 | D:2      | Found a hazy altar of Hepliaklqana.
  2421 | D:2      | Reached XP level 4. HP: 24/24 MP: 7/7
  2638 | D:2      | Found a faded altar of an unknown god.
  2928 | D:3      | Reached skill level 1 in Fighting
  3248 | D:3      | Reached XP level 5. HP: 29/29 MP: 8/8
  3547 | D:4      | Noticed a bullfrog
  3649 | D:4      | Found Ickywkun's Jewellery Shop.
  4104 | D:3      | Reached XP level 6. HP: 35/35 MP: 7/10
  4588 | D:4      | Noticed an ogre
  4591 | D:4      | Killed an ogre
  4607 | D:4      | Reached skill level 5 in Short Blades
  4607 | D:4      | Reached XP level 7. HP: 40/40 MP: 10/12
  4658 | D:4      | Noticed ReniFell's ghost (novice VSFi)
  5265 | D:5      | Entered Level 5 of the Dungeon
  5425 | D:5      | Slain by an ice beast

Vault maps used:
D:1:      roderic_dead_forest, serial_forest, infiniplex_forest_clump_C,
          infiniplex_forest_clump_tiny, infiniplex_forest_clump_diagonal,
          infiniplex_forest_corner_1, infiniplex_forest_lined_ring,
          infiniplex_forest_end_2, infiniplex_forest_lined_2,
          infiniplex_forest_lined_3, chequers_big_river
D:2:      amethyst_overflow_temple_binary, chequers_ecumenical_altar_grove,
          elyvilon_altar_5
D:3:      cheibrodos_pilgrimage
D:4:      serial_shops, shop
D:5:      first_ration, minivault_23

Skill      XL: |  1  2  3  4  5  6 |
---------------+-------------------+-----
Stealth        | 5 |  5.2
Short Blades   | 2 3 5 |  5.5
Fighting       | 1 2 |  2.9
Spellcasting   | 3 |  3.7
Hexes          | 4 |  4.4
Dodging        | |  2.6

Action                   |  1- 3 |  4- 6 |  7- 9 || total
-------------------------+-------+-------+-------++-------
Melee: Dagger            |   108 |   144 |    26 ||   278
 Cast: Corona            |     6 |       |       ||     6
       Ensorcelled Hiber |    14 |    13 |     5 ||    32
       Confuse           |       |     1 |     2 ||     3
  Use: Scroll            |       |     4 |     1 ||     5
       Potion            |       |       |     1 ||     1
 Stab: Sleeping          |    22 |    18 |     5 ||    45
       Distracted        |       |     1 |       ||     1
       Confused          |       |       |     2 ||     2
  Eat: Chunk             |    14 |     7 |     3 ||    24
Armor: Robe              |    19 |    23 |     2 ||    44
Dodge: Dodged            |    83 |    94 |    14 ||   191

Table legend:
 A = Spawn XP
 B = Non-spawn XP
 C = Spawn XP percentage of total XP
 D = Spawn monster count
 E = Non-spawn monster count
 F = Spawn count percentage of total count
 G = Total turns spent on level
                    A         B        C        D         E        F      G
               +---------+---------+-------+---------+---------+-------+---------
         Total |       0 |     716 |   0.0 |       0 |      81 |   0.0 |  5425
               +---------+---------+-------+---------+---------+-------+---------
           D:1 |       0 |      33 |   0.0 |       0 |      18 |   0.0 |  1573
           D:2 |       0 |      45 |   0.0 |       0 |      16 |   0.0 |  1113
           D:3 |       0 |     194 |   0.0 |       0 |      25 |   0.0 |  1377
           D:4 |       0 |     417 |   0.0 |       0 |      17 |   0.0 |  1202
           D:5 |       0 |      27 |   0.0 |       0 |       5 |   0.0 |   160
               +---------+---------+-------+---------+---------+-------+---------
